Map: Deathaura LE

Players

Erik

  • Race: Zerg Zerg
  • Spawn Location: 11:00

eGGz - Winner!

  • Race: Zerg Zerg
  • League: Grandmaster
  • Spawn Location: 5:00

Event: DreamHack SC2 Masters 2020 Winter

VOD

Have the link to the VOD?

Description

Time

  • Played on: Oct. 22, 2020, 4:15 p.m.
  • Length: 11:52

All games in this series

Show
View Real Time Build Order
Export as new Build Order

Erik Zerg 

Build Orders: Pool First 

Get SALT Encoding   

  12  0:00  Drone  
  13  0:08  Drone  
  14  0:14  Extractor  
  14  0:15  Drone  
  15  0:30  Spawning Pool  
  15  0:34  Extractor  
  15  0:35  Drone  
  14  0:40  Overlord  
  15  1:00  Drone  
  16  1:06  Hatchery  
  15  1:17  Zergling x6  
  18  1:26  Queen  
  18  1:30  Zergling x2  
  21  1:40  Overlord  
  21  1:50  Drone  
  22  2:00  Drone  
  23  2:02  Queen  
  23  2:06  Extractor  
  24  2:11  Drone  
  25  2:18  Drone  
  26  2:24  Drone  
  26  2:28  Drone  
  27  2:33  Drone  
  27  2:34  Drone x2  
  27  2:35  Drone  
  31  2:42  Drone  
  31  2:46  Drone  
  32  2:52  Queen  
  34  2:59  Drone  
  34  3:01  Overlord  
  35  3:07  Evolution Chamber  
  34  3:13  Drone x3, Roach Warren  
  34  3:17  Overlord  
  35  3:21  Drone x3  
  35  3:26  Drone  
  39  3:32  Drone  
  39  3:39  Extractor  
  39  3:40  Extractor  
  39  3:41  Lair  
  37  3:45  Drone x2  
  37  3:46  Drone, Evolution Chamber  
  39  3:51  Zerg Missile Weapons Level 1  
  39  3:53  Drone x2  
  41  4:00  Drone x2  
  41  4:02  Drone  
  44  4:06  Overlord  
  44  4:08  Drone x2  
  47  4:10  Drone  
  47  4:18  Drone  
  48  4:25  Overlord  
  48  4:27  Roach x4  
  56  4:35  Roach x2  
  56  4:37  Glial Reconstitution  
  60  4:43  Overseer  
  60  4:45  Overlord  
  60  4:46  Overlord  
  60  4:48  Roach  
  60  4:49  Roach  
  60  4:50  Roach  
  66  4:59  Roach  
  68  5:05  Roach x4  
  76  5:20  Hatchery  
  75  5:21  Overlord  
  75  5:22  Roach x2  
  75  5:23  Roach  
  75  5:25  Roach  
  83  5:28  Drone  
  83  5:33  Extractor  
  83  5:39  Drone  
  83  5:40  Drone x4  
  88  5:45  Zerg Missile Weapons Level 2  
  88  5:46  Drone  
  88  5:47  Drone x3  
  92  5:59  Overlord  
  92  6:01  Overlord  
  84  6:15  Roach x5  
  87  6:28  Tunneling Claws, Burrow  
  87  6:31  Drone x3  
  90  6:41  Roach  
  90  6:42  Roach x2  
  96  6:49  Roach x2  
  96  6:52  Overlord  
  100  6:57  Roach x5  
  110  7:03  Overlord x3  
  110  7:06  Overseer  
  110  7:14  Roach x2  
  114  7:16  Overlord  
  114  7:17  Overlord  
  114  7:24  Roach x2  
  114  7:27  Overseer  
  118  7:33  Drone x4  
  118  7:35  Roach  
  118  7:36  Extractor, Roach x5  
  133  7:41  Roach x3  
  133  7:43  Roach x4  
  139  7:50  Overlord  
  139  7:52  Roach x2  
  139  7:55  Roach x3  
  139  7:56  Drone x2  
  145  7:58  Roach x5  
  145  8:02  Roach x4  
  145  8:03  Queen x3  
  151  8:09  Spore Crawler  
  151  8:10  Hatchery  
  151  8:12  Drone x2, Spore Crawler x2  
  150  8:16  Drone x3, Roach x4  
  144  8:21  Roach x5  
  140  8:31  Roach x7  
  140  8:33  Roach x3  
  140  8:34  Roach  
  154  8:38  Roach x10  
  128  8:53  Overlord x2  
  128  8:55  Drone x11  
  133  9:01  Roach x5  
  131  9:02  Spore Crawler  
  131  9:03  Spore Crawler  
  131  9:05  Roach x6  
  135  9:13  Spore Crawler  
  135  9:14  Spore Crawler  
  135  9:15  Spore Crawler  
  124  9:17  Spore Crawler  
  124  9:21  Roach x2  
  124  9:22  Roach x3  
  121  9:26  Roach x2  
  121  9:27  Roach x5  
  120  9:37  Queen x2  
  112  9:56  Drone x11  
  123  10:00  Extractor, Queen x5  
  123  10:02  Hydralisk Den  
  112  10:21  Roach x3  
  113  10:24  Hatchery  
  112  10:29  Roach x13  
  110  10:47  Lurker Den  
  110  10:49  Hydralisk  
  109  10:50  Hydralisk x6  
  117  11:02  Hydralisk  
  117  11:03  Hydralisk x4  
  123  11:11  Roach  
  97  11:22  Hydralisk x7  
  65  11:26  Hydralisk x2  
  65  11:27  Roach x2  
Show
View Real Time Build Order
Export as new Build Order

eGGz Zerg - Winner!

Build Orders: Hatch First 

Get SALT Encoding   

  12  0:00  Drone  
  13  0:12  Overlord  
  13  0:17  Drone  
  14  0:31  Drone x2  
  14  0:34  Drone  
  17  0:52  Hatchery  
  17  0:55  Drone  
  17  1:08  Spawning Pool  
  17  1:10  Drone  
  17  1:17  Drone x2  
  19  1:23  Extractor  
  18  1:28  Drone  
  19  1:55  Queen  
  19  1:56  Zergling x2  
  19  1:59  Overlord  
  22  2:04  Drone x2, Queen  
  26  2:13  Zergling x2  
  27  2:17  Zergling x2  
  28  2:24  Drone  
  28  2:27  Metabolic Boost  
  28  2:29  Drone  
  30  2:35  Spine Crawler  
  28  2:40  Zergling x4  
  29  2:46  Drone  
  29  2:49  Baneling Nest  
  29  2:55  Drone  
  29  2:56  Drone  
  29  2:57  Overlord  
  31  3:04  Drone x2  
  33  3:17  Overlord  
  33  3:27  Hatchery  
  33  3:30  Drone x2  
  33  3:31  Drone  
  36  3:41  Lair  
  36  3:44  Drone x2  
  36  3:45  Drone, Evolution Chamber  
  36  3:48  Drone  
  39  3:51  Drone  
  41  3:55  Drone x2  
  41  3:56  Drone  
  41  4:01  Drone  
  44  4:05  Overlord  
  44  4:10  Roach Warren  
  44  4:11  Zerg Missile Weapons Level 1  
  44  4:15  Overlord  
  43  4:19  Overlord  
  43  4:26  Drone x2  
  43  4:27  Queen  
  43  4:28  Extractor  
  46  4:35  Drone x4  
  46  4:37  Drone x2  
  52  4:44  Drone  
  52  4:45  Drone  
  54  4:48  Extractor  
  54  4:49  Drone x2, Extractor  
  54  4:50  Glial Reconstitution  
  54  4:55  Roach x2  
  54  4:58  Roach  
  61  5:00  Roach  
  61  5:03  Drone  
  61  5:04  Drone  
  61  5:05  Drone  
  62  5:09  Roach x2  
  66  5:17  Overlord  
  66  5:18  Roach x2  
  70  5:22  Zergling x2  
  70  5:23  Zergling x4  
  70  5:27  Overlord  
  73  5:37  Roach x4  
  81  5:45  Drone x4  
  81  5:48  Spire  
  81  5:49  Drone x2  
  86  5:50  Drone  
  86  5:51  Extractor  
  86  5:52  Extractor  
  86  5:53  Roach  
  87  5:59  Roach  
  87  6:03  Overlord  
  89  6:10  Roach x2  
  88  6:15  Roach  
  88  6:16  Roach  
  89  6:21  Roach x4  
  96  6:26  Drone x2  
  96  6:29  Overlord x3  
  98  6:35  Overlord  
  98  6:44  Overlord  
  98  6:47  Overlord  
  98  6:50  Drone x3  
  101  6:58  Zerg Missile Weapons Level 2  
  101  7:02  Mutalisk  
  101  7:03  Mutalisk x5  
  113  7:09  Mutalisk  
  113  7:13  Mutalisk  
  117  7:16  Overseer  
  117  7:18  Drone x4  
  117  7:19  Drone  
  117  7:22  Roach  
  124  7:25  Overlord  
  124  7:29  Mutalisk  
  126  7:35  Overlord  
  126  7:36  Roach x3  
  132  7:41  Mutalisk x2  
  136  7:50  Overseer  
  136  7:52  Overseer x2  
  136  7:56  Roach x4  
  144  8:04  Overseer  
  144  8:06  Roach x2  
  144  8:07  Roach x3  
  144  8:10  Overlord  
  144  8:12  Overlord  
  154  8:15  Overlord  
  147  8:29  Mutalisk x3  
  147  8:30  Hatchery  
  147  8:32  Roach x3  
  147  8:33  Roach  
  146  8:37  Roach x3  
  137  8:41  Roach x2  
  122  8:49  Roach x2  
  122  8:50  Roach  
  125  8:59  Roach  
  127  9:08  Roach  
  127  9:13  Queen x2  
  131  9:20  Roach x3  
  126  9:31  Roach x3  
  129  9:41  Roach x2  
  133  9:52  Roach x3  
  133  10:03  Drone x2  
  133  10:04  Drone  
  136  10:08  Roach x3  
  142  10:17  Roach x2  
  146  10:21  Roach  
  146  10:25  Roach  
  150  10:29  Roach  
  154  10:35  Roach  
  154  10:36  Roach x2  
  154  10:40  Roach  
  160  10:47  Roach x3  
  164  10:53  Roach x2  
  158  11:03  Roach x4  
  148  11:10  Roach  
  148  11:11  Roach x2  
  145  11:21  Roach  
  145  11:22  Roach x3  
  137  11:31  Roach x4  
Tags
 
Add a new tag
Caveats
  • Supply blocks, unpowered buildings, or Contaminate may cause inaccurate times.
  • Supply counts are checked every 10 seconds.